TOP OF THE 1ST |
Menlo Maniacs batting - Pitching for Bismarck Barons : RHP Francisco Anaya
|
Pitching: RHP Francisco Anaya
|
|
Batting: RHB Manuel Alonso
|
0-0: Called Strike 0-1: Ball 1-1: Foul Ball, location: 2F 1-2: Foul Ball, location: 2F 1-2: SOLO HOME RUN (Flyball, 7D), Distance : 348 ft
|
Batting: RHB Gilberto León
|
0-0: Ball 1-0: Fly out, F8 (Flyball, 8RD)
|
Batting: RHB Jason Blair
|
0-0: Ball 1-0: Called Strike 1-1: Ball 2-1: Swinging Strike 2-2: Fly out, F9 (Flyball, 9LM)
|
Batting: LHB Ken Smith
|
0-0: Ball 1-0: Foul Ball, location: 2F 1-1: Ball 2-1: Called Strike 2-2: Ball 3-2: Reached on error, E6 (Line Drive, 6)
|
Batting: LHB Bernardo Rodríguez
|
0-0: Called Strike 0-1: Ball 1-1: Swinging Strike 1-2: Strikes out swinging
|
Top of the 1st over - 1 run(s), 1 hit(s), 1 error(s), 1 left on base; Menlo 1 - Bismarck 0 |
BOTTOM OF THE 1ST |
Bismarck Barons batting - Pitching for Menlo Maniacs : RHP José Córdova
|
Pitching: RHP José Córdova
|
|
Batting: SHB Álex Hernández
|
0-0: Called Strike 0-1: Ball 1-1: Foul Ball, location: 2F 1-2: SINGLE (Line Drive, 89S)
|
Batting: LHB José Martínez
|
0-0: Foul Ball, location: 2F 0-1: Grounds into double play, 4-6-3 (Groundball, 34)
|
Batting: RHB Seiji Kouno
|
0-0: Fly out, F8 (Flyball, 8RD)
|
Bottom of the 1st over - 0 run(s), 1 hit(s), 0 error(s), 0 left on base; Menlo 1 - Bismarck 0 |
TOP OF THE 2ND |
Menlo Maniacs batting - Pitching for Bismarck Barons : RHP Francisco Anaya
|
Batting: LHB Robby Lawson
|
0-0: Foul Ball, location: 2F 0-1: Ball 1-1: Called Strike 1-2: SOLO HOME RUN (Flyball, 9D), Distance : 356 ft
|
Batting: RHB Eleuterio Supardo
|
0-0: Called Strike 0-1: Swinging Strike 0-2: Strikes out swinging
|
Batting: RHB Kyle Mann
|
0-0: Hit by Pitch
|
Batting: SHB José Vélez
|
0-0: Ball 1-0: Ball 2-0: Swinging Strike 2-1: Ball 3-1: Foul Ball, location: 2F 3-2: Base on Balls Kyle Mann to second
|
Batting: RHB Manuel Alonso
|
0-0: Ball 1-0: Swinging Strike 1-1: Ball 2-1: Called Strike 2-2: Strikes out swinging
|
Batting: RHB Gilberto León
|
0-0: Called Strike 0-1: Called Strike 0-2: Strikes out swinging
|
Top of the 2nd over - 1 run(s), 1 hit(s), 0 error(s), 2 left on base; Menlo 2 - Bismarck 0 |
BOTTOM OF THE 2ND |
Bismarck Barons batting - Pitching for Menlo Maniacs : RHP José Córdova
|
Batting: RHB Fernando Castellanos
|
0-0: Ball 1-0: Called Strike 1-1: Ball 2-1: Ground out 6-3 (Groundball, 6)
|
Batting: SHB Jeff Chambers
|
0-0: Ball 1-0: Ground out U3 (Groundball, 3)
|
Batting: LHB Johnny Foley
|
0-0: Foul Ball, location: 2F 0-1: Ball 1-1: Ball 2-1: Ball 3-1: Called Strike 3-2: Fly out, F8 (Flyball, 78XD)
|
Bottom of the 2nd over - 0 run(s), 0 hit(s), 0 error(s), 0 left on base; Menlo 2 - Bismarck 0 |
TOP OF THE 3RD |
Menlo Maniacs batting - Pitching for Bismarck Barons : RHP Francisco Anaya
|
Batting: RHB Jason Blair
|
0-0: Ball 1-0: Ground out 6-3 (Groundball, 56)
|
Batting: LHB Ken Smith
|
0-0: Called Strike 0-1: SINGLE (Line Drive, 8LS)
|
Batting: LHB Bernardo Rodríguez
|
0-0: Called Strike 0-1: Foul Ball, location: 2F 0-2: Ball 1-2: Foul Ball, location: 2F 1-2: Ball 2-2: Strikes out looking
|
Batting: LHB Robby Lawson
|
0-0: Called Strike 0-1: Ball 1-1: Ball 2-1: Ball Ken Smith steals 2nd base 3-1: Foul Ball, location: 2F 3-2: Foul Ball, location: 2F 3-2: Strikes out swinging
|
Top of the 3rd over - 0 run(s), 1 hit(s), 0 error(s), 1 left on base; Menlo 2 - Bismarck 0 |
BOTTOM OF THE 3RD |
Bismarck Barons batting - Pitching for Menlo Maniacs : RHP José Córdova
|
Batting: RHB Dennis Garner
|
0-0: Ground out 4-3 (Groundball, 4)
|
Batting: RHB Felipe Domínguez
|
0-0: Ball 1-0: Ball 2-0: Called Strike 2-1: SINGLE (Groundball, 6MD)
|
Batting: RHB Pancho Torres
|
0-0: Foul Ball, location: 2F 0-1: Ball 1-1: Ball 2-1: SINGLE (Groundball, 4MD) Felipe Domínguez to second
|
Batting: SHB Álex Hernández
|
0-0: Foul Ball, location: 2F 0-1: Foul Ball, location: 2F 0-2: Ball 1-2: Ball 2-2: Fielders Choice at 2nd, 3-6 (Groundball, 34) Felipe Domínguez to third
|
Batting: LHB José Martínez
|
0-0: Foul Ball, location: 2F Pickoff Throw to First - Out!
|
Bottom of the 3rd over - 0 run(s), 2 hit(s), 0 error(s), 0 left on base; Menlo 2 - Bismarck 0 |
TOP OF THE 4TH |
Menlo Maniacs batting - Pitching for Bismarck Barons : RHP Francisco Anaya
|
Batting: RHB Eleuterio Supardo
|
0-0: Called Strike 0-1: Ball 1-1: Foul Ball, location: 2F 1-2: Ball 2-2: SOLO HOME RUN (Flyball, 78XD), Distance : 368 ft
|
Batting: RHB Kyle Mann
|
0-0: Ball 1-0: Called Strike 1-1: Fly out, F7 (Flyball, 7S)
|
Batting: SHB José Vélez
|
0-0: Ball 1-0: Fly out, F8 (Flyball, 8LS)
|
Batting: RHB Manuel Alonso
|
0-0: Ball 1-0: Ball 2-0: Foul Ball, location: 2F 2-1: SOLO HOME RUN (Flyball, 7LD), Distance : 329 ft
|
Batting: RHB Gilberto León
|
0-0: Called Strike 0-1: Foul Ball, location: 2F 0-2: Ball 1-2: Ground out 5-3 (Groundball, 56S)
|
Top of the 4th over - 2 run(s), 2 hit(s), 0 error(s), 0 left on base; Menlo 4 - Bismarck 0 |
BOTTOM OF THE 4TH |
Bismarck Barons batting - Pitching for Menlo Maniacs : RHP José Córdova
|
Batting: LHB José Martínez
|
0-0: Called Strike 0-1: Ball 1-1: Ball 2-1: Called Strike 2-2: Strikes out swinging
|
Batting: RHB Seiji Kouno
|
0-0: Called Strike 0-1: Swinging Strike 0-2: Foul Ball, location: 2F 0-2: SINGLE (Line Drive, 56D)
|
Batting: RHB Fernando Castellanos
|
0-0: Ball 1-0: DOUBLE (Groundball, 3L) Seiji Kouno to third
|
Batting: SHB Jeff Chambers
|
0-0: Ground out U3 (Groundball, 3S)
|
Batting: LHB Johnny Foley
|
0-0: Called Strike 0-1: Ball 1-1: Ball 2-1: Ball 3-1: SINGLE (Groundball, 3D) Seiji Kouno scores Fernando Castellanos to third Throwing error, E9 Fernando Castellanos scores Johnny Foley to second
|
Batting: RHB Dennis Garner
|
0-0: Foul Ball, location: 2F 0-1: Ball 1-1: 2-RUN HOME RUN (Line Drive, 7LD), Distance : 328 ft
|
Batting: RHB Felipe Domínguez
|
0-0: Called Strike 0-1: Ball 1-1: Called Strike 1-2: Strikes out looking
|
Bottom of the 4th over - 4 run(s), 4 hit(s), 1 error(s), 0 left on base; Menlo 4 - Bismarck 4 |
TOP OF THE 5TH |
Menlo Maniacs batting - Pitching for Bismarck Barons : RHP Francisco Anaya
|
Batting: RHB Jason Blair
|
0-0: Called Strike 0-1: Fly out, F6 (Line Drive, 6M)
|
Batting: LHB Ken Smith
|
0-0: Foul Ball, location: 2F 0-1: Called Strike 0-2: Foul Ball, location: 2F 0-2: Ball 1-2: Fly out, F2 (Popup, 25)
|
Batting: LHB Bernardo Rodríguez
|
0-0: Ball 1-0: Ball 2-0: Called Strike 2-1: Called Strike 2-2: Ball 3-2: Foul Ball, location: 2F 3-2: Base on Balls
|
Batting: LHB Robby Lawson
|
0-0: Ball 1-0: Called Strike 1-1: Foul Ball, location: 2F 1-2: Strikes out swinging
|
Top of the 5th over - 0 run(s), 0 hit(s), 0 error(s), 1 left on base; Menlo 4 - Bismarck 4 |
BOTTOM OF THE 5TH |
Bismarck Barons batting - Pitching for Menlo Maniacs : RHP José Córdova
|
Batting: RHB Pancho Torres
|
0-0: Ground out 3-1 (Groundball, 34)
|
Batting: SHB Álex Hernández
|
0-0: Called Strike 0-1: Foul Ball, location: 2F 0-2: Foul Ball, location: 2F 0-2: Ball 1-2: Foul Ball, location: 2F 1-2: Ground out U3 (Groundball, 3L)
|
Batting: LHB José Martínez
|
0-0: Foul Ball, location: 2F 0-1: Foul Ball, location: 2F 0-2: Ball 1-2: Ball 2-2: Foul Ball, location: 2F 2-2: Foul Ball, location: 2F 2-2: SINGLE (Groundball, 34S) (infield hit)
|
Batting: RHB Seiji Kouno
|
0-0: Ball 1-0: Ball 2-0: Ball 3-0: Called Strike 3-1: Base on Balls José Martínez to second
|
Batting: RHB Fernando Castellanos
|
0-0: Called Strike 0-1: Swinging Strike 0-2: Ball 1-2: Fielders Choice at 2nd, 4-6 (Groundball, 34)
|
Bottom of the 5th over - 0 run(s), 1 hit(s), 0 error(s), 1 left on base; Menlo 4 - Bismarck 4 |
TOP OF THE 6TH |
Menlo Maniacs batting - Pitching for Bismarck Barons : RHP Francisco Anaya
|
Pitching: RHP Armando Torres
|
|
Batting: RHB Eleuterio Supardo
|
0-0: Foul Ball, location: 2F 0-1: Foul Ball, location: 2F 0-2: Ball 1-2: Ground out 5-3 (Groundball, 56S)
|
Batting: RHB Kyle Mann
|
0-0: Called Strike 0-1: Swinging Strike 0-2: Strikes out swinging
|
Batting: SHB José Vélez
|
0-0: Called Strike 0-1: Foul Ball, location: 2F 0-2: Ball 1-2: Ground out 6-3 (Groundball, 6D)
|
Top of the 6th over - 0 run(s), 0 hit(s), 0 error(s), 0 left on base; Menlo 4 - Bismarck 4 |
BOTTOM OF THE 6TH |
Bismarck Barons batting - Pitching for Menlo Maniacs : RHP José Córdova
|
Batting: SHB Jeff Chambers
|
0-0: Ball 1-0: Called Strike 1-1: Ground out 4-3 (Groundball, 4)
|
Batting: LHB Johnny Foley
|
0-0: Ball 1-0: Called Strike 1-1: Foul Ball, location: 2F 1-2: SINGLE (Groundball, 25) (infield hit)
|
Batting: RHB Dennis Garner
|
0-0: TRIPLE (Line Drive, 9LS) Johnny Foley scores
|
Pinch Runner at 3rd Jorge Fernández:
|
|
Batting: RHB Felipe Domínguez
|
0-0: Called Strike 0-1: Foul Ball, location: 2F 0-2: Strikes out looking
|
Batting: RHB Pancho Torres
|
0-0: Foul Ball, location: 2F 0-1: Ball 1-1: Foul Ball, location: 2F 1-2: Ball 2-2: Foul Ball, location: 2F 2-2: Strikes out swinging
|
Bottom of the 6th over - 1 run(s), 2 hit(s), 0 error(s), 1 left on base; Menlo 4 - Bismarck 5 |
TOP OF THE 7TH |
Menlo Maniacs batting - Pitching for Bismarck Barons : RHP Armando Torres
|
Now at SS: Jorge Fernández
|
|
Batting: RHB Manuel Alonso
|
0-0: Ball 1-0: Ball 2-0: Ball 3-0: Called Strike 3-1: Base on Balls
|
Batting: RHB Gilberto León
|
0-0: Ball Manuel Alonso is caught stealing 2nd base 1-0: SINGLE (Groundball, 4D)
|
Batting: RHB Jason Blair
|
0-0: Foul Ball, location: 2F 0-1: SINGLE (Groundball, 6MD) Gilberto León to second
|
Batting: LHB Ken Smith
|
0-0: Foul Ball, location: 2F 0-1: Called Strike 0-2: Ball 1-2: Foul Ball, location: 2F 1-2: Strikes out looking
|
Batting: LHB Bernardo Rodríguez
|
0-0: Ball Wild Pitch! Gilberto León to third Jason Blair to second 1-0: Foul Ball, location: 2F 1-1: Ball 2-1: Ball 3-1: Called Strike 3-2: Strikes out swinging
|
Top of the 7th over - 0 run(s), 2 hit(s), 0 error(s), 2 left on base; Menlo 4 - Bismarck 5 |
BOTTOM OF THE 7TH |
Bismarck Barons batting - Pitching for Menlo Maniacs : RHP José Córdova
|
Pitching: LHP Joe Jenkins
|
|
Batting: SHB Álex Hernández
|
0-0: Called Strike 0-1: Ball 1-1: Swinging Strike 1-2: Foul Ball, location: 2F 1-2: DOUBLE (Line Drive, 78M)
|
Batting: LHB José Martínez
|
0-0: Swinging Strike 0-1: Swinging Strike 0-2: Strikes out looking
|
Batting: RHB Seiji Kouno
|
0-0: Intentional Walk
|
Batting: RHB Fernando Castellanos
|
0-0: Ball Álex Hernández steals 3rd base Seiji Kouno to second 1-0: Intentional Walk
|
Pinch Hitting: RHB Jon Krohne
|
0-0: Called Strike 0-1: Ball 1-1: Ball 2-1: TRIPLE (Line Drive, 78D) Álex Hernández scores Seiji Kouno scores Fernando Castellanos scores
|
Pitching: RHP Gerard Gustafson
|
|
Batting: LHB Johnny Foley
|
0-0: Called Strike 0-1: Called Strike 0-2: Ball 1-2: Foul Ball, location: 2F 1-2: Strikes out swinging
|
Batting: LHB Jorge Fernández
|
0-0: Foul Ball, location: 2F 0-1: Ball 1-1: Ball 2-1: Foul Ball, location: 2F 2-2: Ball 3-2: Ground out 4-3 (Groundball, 4)
|
Bottom of the 7th over - 3 run(s), 2 hit(s), 0 error(s), 1 left on base; Menlo 4 - Bismarck 8 |
TOP OF THE 8TH |
Menlo Maniacs batting - Pitching for Bismarck Barons : RHP Armando Torres
|
Now at 3B: Jon Krohne
|
|
Batting: LHB Robby Lawson
|
0-0: Called Strike 0-1: Ball 1-1: Ball 2-1: Swinging Strike 2-2: Foul Ball, location: 2F 2-2: Foul Ball, location: 2F 2-2: Ball 3-2: Base on Balls
|
Batting: RHB Eleuterio Supardo
|
0-0: Ball 1-0: Ball 2-0: Ball 3-0: Called Strike 3-1: Foul Ball, location: 2F 3-2: Grounds into double play, 5-4-3 (Groundball, 56)
|
Batting: RHB Kyle Mann
|
0-0: Called Strike 0-1: Called Strike 0-2: Foul Ball, location: 2F 0-2: Foul Ball, location: 2F 0-2: Ball 1-2: Ball 2-2: Foul Ball, location: 2F 2-2: Strikes out swinging
|
Top of the 8th over - 0 run(s), 0 hit(s), 0 error(s), 0 left on base; Menlo 4 - Bismarck 8 |
BOTTOM OF THE 8TH |
Bismarck Barons batting - Pitching for Menlo Maniacs : RHP Gerard Gustafson
|
Batting: RHB Felipe Domínguez
|
0-0: Ball 1-0: Ball 2-0: Ball 3-0: Base on Balls
|
Batting: RHB Pancho Torres
|
0-0: Bunt missed! 0-1: Ball 1-1: Sac Bunt - play at first, batter OUT! 1-4 Felipe Domínguez to second
|
Batting: SHB Álex Hernández
|
0-0: Called Strike 0-1: Called Strike Felipe Domínguez steals 3rd base 0-2: Ball 1-2: Foul Ball, location: 2F 1-2: Strikes out swinging
|
Batting: LHB José Martínez
|
0-0: Foul Ball, location: 2F 0-1: Ball 1-1: Ball 2-1: Foul Ball, location: 2F 2-2: SINGLE (Line Drive, 8RS) Felipe Domínguez scores
|
Batting: RHB Seiji Kouno
|
0-0: SINGLE (Line Drive, 56) José Martínez to second
|
Batting: RHB Fernando Castellanos
|
0-0: Ball 1-0: Called Strike 1-1: Foul Ball, location: 2F 1-2: SINGLE (Groundball, 6D) José Martínez to third Seiji Kouno to second Runner from 3rd tries for Home, SAFE, no throw
|
Batting: RHB Jon Krohne
|
0-0: Foul Ball, location: 2F 0-1: DOUBLE (Groundball, 5L) Seiji Kouno scores Fernando Castellanos to third
|
Batting: LHB Johnny Foley
|
0-0: Called Strike 0-1: Ball 1-1: Ball 2-1: Ground out U3 (Groundball, 34)
|
Bottom of the 8th over - 3 run(s), 4 hit(s), 0 error(s), 2 left on base; Menlo 4 - Bismarck 11 |
TOP OF THE 9TH |
Menlo Maniacs batting - Pitching for Bismarck Barons : RHP Armando Torres
|
Pitching: RHP Wilson Molina
|
|
Now in CF: Manny Salazar
|
|
Batting: SHB José Vélez
|
0-0: Ball 1-0: Fly out, F8 (Flyball, 8LD)
|
Batting: RHB Manuel Alonso
|
0-0: Called Strike 0-1: Called Strike 0-2: Fly out, F8 (Flyball, 8RM)
|
Pinch Hitting: RHB José Méndez
|
0-0: Ball 1-0: Called Strike 1-1: Foul Ball, location: 2F 1-2: SINGLE (Flyball, 3D)
|
Batting: RHB Jason Blair
|
0-0: Ball 1-0: Ball 2-0: Ball 3-0: Base on Balls José Méndez to second
|
Batting: LHB Ken Smith
|
0-0: SINGLE (Groundball, 4D) José Méndez to third Jason Blair to second Runner from 3rd tries for Home, SAFE, no throw
|
Batting: LHB Bernardo Rodríguez
|
0-0: Called Strike 0-1: Swinging Strike 0-2: Strikes out looking
|
Top of the 9th over - 1 run(s), 2 hit(s), 0 error(s), 2 left on base; Menlo 5 - Bismarck 11 |
|